 Dungeon Crawl Stone Soup version 0.28.0-53-g5a82cb258f (webtiles) character file.

Game seed: 12572400301424444878

5629 CryoSword the Fighter (level 10, -1/90 HPs)
             Began as a Ghoul Necromancer on May 30, 2022.
             Was a Believer of Makhleb.
             Slain by a two-headed ogre
             ... wielding a +0 giant spiked club
              (24 damage)
             ... on level 9 of the Dungeon.
             The game lasted 00:24:24 (13535 turns).

CryoSword the Fighter (Ghoul Necromancer)          Turns: 13535, Time: 00:24:24

Health: -1/90      AC: 14    Str: 15    XL:     10   Next: 74%
Magic:  3/12       EV: 10    Int: 16    God:    Makhleb [**....]
Gold:   340        SH:  0    Dex:  9    Spells: 4/13 levels left

rFire   + . .      SeeInvis +   w - +3 scimitar (vorpal)
rCold   + . .      Faith    .   (no shield)
rNeg    + + +      Spirit   .   u - +2 ring mail {rF+}
rPois   ∞          Reflect  .   z - +0 helmet
rElec   .          Harm     .   y - +0 cloak
rCorr   +          Rampage  .   n - +0 pair of gloves
Will    .....                   (no boots)
Stlth   +.........              (no amulet)
HPRegen 0.00/turn               e - +4 ring of protection
MPRegen 0.13/turn               t - ring "Odatta" {Wiz Contam rCorr Int+4 SInv, =R}

@: inhibited regen
A: claws 1, cold resistance 1, negative energy resistance 3, inhibited
regeneration, torment resistance 2
a: Renounce Religion, Minor Destruction


You were on level 9 of the Dungeon.
You worshipped Makhleb.
Makhleb was pleased with you.
You visited 2 branches of the dungeon, and saw 10 of its levels.
You also visited: Ossuary.

You collected 340 gold pieces.

Inventory:

Hand Weapons
 a - a +0 falchion of flaming
   (You found it on level 4 of the Dungeon)
 w - a +3 vorpal scimitar (weapon)
   (You took it off a wight on level 7 of the Dungeon)
Missiles
 j - 10 poisoned darts
Armour
 n - a +0 pair of gloves (worn)
   (You found it on level 2 of the Dungeon)
 u - a +2 ring mail of fire resistance (worn)
   (You took it off Terence on level 3 of the Dungeon)
 y - a +0 cloak (worn)
   (You found it on level 7 of the Dungeon)
 z - a +0 helmet (worn)
   (You found it on level 7 of the Dungeon)
Jewellery
 e - a +4 ring of protection (left hand)
   (You found it on level 1 of the Dungeon)
 t - the ring "Odatta" (right hand) {Wiz Contam rCorr Int+4 SInv, =R}
   (You found it on level 4 of the Dungeon)

   [ring of wizardry]

   It improves your spell success rate.
   Int:       It affects your intelligence (+4).
   SInv:      It lets you see invisible.
   Contam:    It causes magical contamination when unequipped.
   rCorr:     It protects you from acid and corrosion.
 A - a ring of ice
   (You found it on level 8 of the Dungeon)
 D - a ring of magical power
   (You found it on level 7 of the Dungeon)
Wands
 B - a wand of flame (4)
   (You found it on level 8 of the Dungeon)
Scrolls
 d - 2 scrolls of fog
 f - a scroll of amnesia
 g - a scroll of vulnerability {unknown}
 i - 5 scrolls of teleportation {@r4}
 k - a scroll of holy word {!r}
 m - 3 scrolls of immolation {!r}
 q - 3 scrolls of magic mapping
 r - 2 scrolls of enchant weapon
 s - 3 scrolls of torment
 v - a scroll of identify {@r1}
 x - a scroll of summoning
Potions
 b - a potion of haste {@q3}
 c - 3 potions of heal wounds {@q2}
 h - a potion of magic
 o - a potion of flight
 p - 8 potions of curing {@q1}
 C - 2 potions of resistance


   Skills:
 + Level 8.8 Fighting
 - Level 4.2(6.8) Short Blades
 * Level 8.3(8.8) Long Blades
 - Level 2.0 Dodging
 - Level 2.1 Stealth
 - Level 2.4 Spellcasting
 - Level 8.7 Necromancy
 + Level 3.1 Invocations


You had 4 spell levels left.
You knew the following spells:

 Your Spells              Type           Power      Damage    Failure   Level
a - Pain                  Necr           100%       1d9       1%          1
b - Vampiric Draining     Necr           30%        2d8       1%          3
z - Animate Dead          Necr           15%        N/A       4%          4
Z - Animate Skeleton      Necr           60%        N/A       1%          1

Your spell library contained the following spells:

 Spells                   Type           Power      Damage    Failure   Level
 Foxfire                  Conj/Fire      4%         2x1d4     16%         1
 Conjure Flame            Conj/Fire      1%         6-21      41%         3
 Inner Flame              Hex/Fire       1%         N/A       41%         3
 Flame Wave               Conj/Fire      1%         2d4       80%         4
 Leda's Liquefaction      Hex/Erth       0%         N/A       80%         4
 Agony                    Necr           30%        N/A       12%         5
 Lee's Rapid Deconstruct  Erth           0%         3d5*      98%         5
 Statue Form              Tmut/Erth      Unusable   N/A       N/A         6

Dungeon Overview and Level Annotations

Branches:
Dungeon (9/15)             Temple (1/1) D:6         Ossuary (visited)
   Lair: D:8-11         Orc: D:9-12

Altars:
Fedhas
Kikubaaqudgha
Makhleb

Annotations:
D:1 1 runed translucent door


Innate Abilities, Weirdness & Mutations

You thrive by killing the living.
You are immune to poison.
You have sharp fingernails.
Your flesh is cold resistant. (rC+)
You are immune to negative energy. (rN+++)
You do not regenerate when monsters are visible.
You are immune to unholy pain and torment.


Message History

The lemure barely misses you.
There is an open door here.
Pikel shouts!
You hit the lemure. The lemure hits you.
You hit the lemure. The lemure barely misses you.
You closely miss the lemure. The lemure hits you but does no damage.
You hit the lemure but do no damage. The lemure hits you but does no damage.
You slash the lemure!
You kill the lemure!
That felt strangely unrewarding.
You slash Pikel! Pikel hits you but does no damage.
You hit Pikel. Pikel barely misses you.
You hit Pikel.
Pikel hits you with a +2 whip of freezing!
You closely miss Pikel.
Pikel hits you with a +2 whip of freezing.
Aim: Pikel, wielding a +2 whip of freezing and wearing a +0 robe (moderately wounded)
You draw life force from Pikel.
You feel life coursing into your body.
Pikel hits you with a +2 whip of freezing.
Aim: Pikel, wielding a +2 whip of freezing and wearing a +0 robe (heavily wounded)
You draw life force from Pikel!
You feel life coursing into your body.
Pikel hits you with a +2 whip of freezing.
Aim: Pikel, wielding a +2 whip of freezing and wearing a +0 robe (severely wounded)
You draw life force from Pikel!
You kill Pikel!
Makhleb accepts your kill.
You can now harness Makhleb's destructive might.
You feel better.
You feel life coursing into your body.
Your Invocations skill increases to level 3!
p - 8 potions of curing {@q1} (gained 1)
Things that are here:
a +2 whip of freezing; a +0 robe
Okay, then.
A gargoyle is nearby!
A gargoyle is nearby!
A gargoyle is nearby!
There is an open door here.
The gargoyle hits you but does no damage.
You barely miss the gargoyle.
The gargoyle hurls a stone arrow at you.
The stone arrow misses you.
You hit the gargoyle but do no damage. The gargoyle hits you with a +0 flail!!
Okay, then.
You remove your ring of ice.
The gargoyle hits you with a +0 flail!!
e - a +4 ring of protection (left hand) Hit: w) +3 scimitar (vorpal)
Aim: a gargoyle, wielding a +0 flail (about 22% to evade your +3 vorpal scimitar)
You barely miss the gargoyle. The gargoyle closely misses you.
Hit: w) +3 scimitar (vorpal)
Aim: a gargoyle, wielding a +0 flail (about 22% to evade your +3 vorpal scimitar)
You hit the gargoyle but do no damage. The gargoyle hits you with a +0 flail!
* * * LOW HITPOINT WARNING * * *
Hit: w) +3 scimitar (vorpal)
Aim: a gargoyle, wielding a +0 flail (about 22% to evade your +3 vorpal scimitar)
You hit the gargoyle but do no damage. The gargoyle hits you with a +0 flail!
* * * LOW HITPOINT WARNING * * *
The gargoyle hurls a stone arrow at you.
The stone arrow hits you!
* * * LOW HITPOINT WARNING * * *
There is an open door here.
The gargoyle hurls a stone arrow at you.
The stone arrow misses you.
Things that are here:
a +2 whip of freezing; a +0 robe
There is a stone staircase leading up here.
You climb upwards.
There is a stone staircase leading down here.
You start resting.
You start resting.
Things that are here:
20 arrows; a +0 shortbow
Things that are here:
a +0 robe; a +0 flail
There is a stone staircase leading down here.
You climb downwards.
There is a stone staircase leading up here.
There is a stone staircase leading down here.
You climb downwards.
Found 23 stones.
There is a stone staircase leading up here.
Found an escape hatch in the ceiling.
An orc comes into view. It is wielding a +0 club.
Found a spear.
The orc shouts!
An orc comes into view. It is wielding a +0 short sword.
There are monsters nearby!
There are monsters nearby!
Unknown command.
An orc wizard comes into view. It is wielding a +0 dagger.
A two-headed ogre comes into view.
It is wielding a +0 giant spiked club and a +0 giant club.
The two-headed ogre shouts in stereo!
You slash the orc!
You kill the orc!
Makhleb accepts your kill. The orc closely misses you.
You completely miss the orc wizard. The orc closely misses you.
You slash the orc wizard!
You kill the orc wizard!
Makhleb accepts your kill. The orc completely misses you.
You slash the orc!
You kill the orc!
Makhleb accepts your kill.
The two-headed ogre hits you with a +0 giant spiked club!
The two-headed ogre hits you with a +0 giant club!
Items here: )) [[ ††.
Aim: a two-headed ogre, wielding a +0 giant spiked club and a +0 giant club You draw life force from the two-headed ogre!
You feel life coursing into your body.
Aim: a two-headed ogre, wielding a +0 giant spiked club and a +0 giant club (lightly wounded)
You draw life force from the two-headed ogre!
You feel life coursing into your body.
The two-headed ogre hits you with a +0 giant spiked club!!
The two-headed ogre barely misses you.
Aim: a two-headed ogre, wielding a +0 giant spiked club and a +0 giant club (moderately wounded)
You draw life force from the two-headed ogre!
You feel life coursing into your body! The two-headed ogre barely misses you.
The two-headed ogre hits you but does no damage.
Aim: a two-headed ogre, wielding a +0 giant spiked club and a +0 giant club (heavily wounded)
You draw life force from the two-headed ogre!
You feel life coursing into your body.
The two-headed ogre hits you with a +0 giant spiked club!!
* * * LOW HITPOINT WARNING * * *
The two-headed ogre hits you with a +0 giant club!
* * * LOW HITPOINT WARNING * * *
You don't have enough magic to cast this spell.
Unknown command.
There is a stone staircase leading up here.
A centaur comes into view.
Found a stone staircase leading up.
The centaur shouts!
The centaur wields a +0 shortbow.
The centaur shoots an arrow.
The arrow hits you but does no damage.
The centaur shoots an arrow.
The arrow barely misses you.
The centaur unwields a +0 shortbow.
The centaur hits you but does no damage.
The centaur kicks you but does no damage.
The centaur hits you but does no damage.
The centaur misses you.
You slash the centaur! The centaur closely misses you. x2
You hit the centaur. The centaur closely misses you. The centaur kicks you.
* * * LOW HITPOINT WARNING * * *
The two-headed ogre hits you with a +0 giant spiked club.
* * * LOW HITPOINT WARNING * * *
The two-headed ogre barely misses you.
The centaur hits you but does no damage.
The centaur kicks you but does no damage.
You slash the centaur! The centaur barely misses you. x2
The two-headed ogre hits you with a +0 giant spiked club!!
You die...

.. .# ## <# ##.##
##.##
##.#.######...#####
#.#.........#......
#...######...#
##O## #...## #@#
#.<..#
#c#######...(##
<.............####
##.########........
...........#....##
..########.#......
..# #........ #..#
#........ #.))...##


You could see a two-headed ogre and a centaur.

Vanquished Creatures
  A two-headed ogre (D:8)
  Pikel (D:8)
  An ugly thing (D:7)
  An unseen horror (D:7)
  Psyche (D:8)
  A hornet (D:7)
  A steam dragon (D:8)
  A water moccasin (Temple)
  2 sky beasts
  An orc warrior (D:6)
  2 ice beasts
  2 black bears
  2 necrophages (D:7)
  2 centaurs
  4 lemures (D:8)
  A phantom (D:6)
  2 bullfrogs
  2 scorpions
  A wyvern zombie (D:5)
  9 wights
  5 killer bees (D:8)
  An electric eel (D:6)
  A howler monkey (D:8)
  4 centaur zombies
  A bullfrog zombie (D:7)
  6 orc priests
  2 bullfrog skeletons (D:6)
  6 iguanas
  Terence (D:3)
  A scorpion zombie (D:4)
  10 orc wizards
  13 mummies (Ossuary)
  2 howler monkey zombies (D:7)
  3 gnolls
  4 adders
  A howler monkey skeleton (D:4)
  2 adder skeletons (D:4)
  A worm (D:6)
  A dart slug (D:3)
  37 orcs
  6 endoplasms
  3 giant cockroaches
  7 goblins
  7 hobgoblins
  2 jackals (D:4)
  3 quokkas
  10 ball pythons
  3 bats
  4 frilled lizards
  2 gnoll skeletons (Ossuary)
  A goblin skeleton (Ossuary)
  10 kobolds
  2 kobold skeletons (Ossuary)
  3 orc skeletons (Ossuary)
  3 rats
  11 rat skeletons (Ossuary)
217 creatures vanquished.

Vanquished Creatures (others)
  A withered plant (D:7)
1 creature vanquished.

Grand Total: 218 creatures vanquished

Notes
Turn   | Place    | Note
-------+----------+-------------------------------------------
     0 | D:1      | CryoSword the Ghoul Necromancer began the quest for the
                  | Orb.
     0 | D:1      | Reached XP level 1. HP: 14/14 MP: 2/2
     1 | D:1      | Found a runed translucent door.
   312 | D:1      | Reached skill level 1 in Fighting
   312 | D:1      | Reached XP level 2. HP: 17/23 MP: 0/3
   593 | D:1      | Found a faded altar of an unknown god.
  1208 | D:1      | Learned a level 1 spell: Animate Skeleton
  1270 | D:2      | Reached XP level 3. HP: 24/28 MP: 1/5
  2213 | D:3      | Noticed Terence
  2228 | D:3      | Killed Terence
  2229 | D:3      | Reached XP level 4. HP: 14/37 MP: 1/6
  2315 | D:3      | Reached skill level 5 in Necromancy
  2329 | D:3      | Reached XP level 5. HP: 42/45 MP: 7/7
  3048 | D:4      | Reached skill level 1 in Short Blades
  3677 | D:4      | Reached XP level 6. HP: 52/52 MP: 8/8
  3681 | D:4      | Learned a level 3 spell: Vampiric Draining
  3996 | D:4      | Identified the ring "Odatta" {Wiz Contam rCorr Int+4 SInv}
  4051 | D:5      | Entered Level 5 of the Dungeon
  4557 | D:5      | Reached XP level 7. HP: 60/60 MP: 2/9
  4942 | D:5      | Reached skill level 5 in Fighting
  5095 | D:5      | Reached XP level 8. HP: 68/68 MP: 0/10
  5536 | D:6      | Found a staircase to the Ecumenical Temple.
  5544 | Temple   | Entered the Ecumenical Temple
  5776 | Temple   | Became a worshipper of Makhleb the Destroyer
  5924 | D:6      | Found a sand-covered staircase.
  5959 | Ossuary  | Entered an ossuary
  7336 | Ossuary  | Reached * piety under Makhleb
  7689 | D:6      | Reached skill level 1 in Invocations
  7962 | D:6      | Reached XP level 9. HP: 52/75 MP: 4/11
  8451 | D:6      | Reached skill level 1 in Long Blades
  9413 | D:7      | Noticed a white ugly thing
  9483 | D:6      | Learned a level 4 spell: Animate Dead
  9863 | D:8      | Noticed a two-headed ogre
  9880 | D:8      | Killed a two-headed ogre
  9881 | D:8      | Reached skill level 5 in Long Blades
 10533 | D:8      | Reached XP level 10. HP: 86/86 MP: 2/12
 10645 | D:8      | Noticed Psyche
 10659 | D:8      | Killed Psyche
 10952 | D:8      | Noticed a gargoyle
 11631 | D:7      | Noticed an unseen horror
 11792 | D:7      | Killed an unseen horror
 12072 | D:7      | Killed a white ugly thing
 12804 | D:8      | Noticed Pikel
 13077 | D:8      | Killed Pikel
 13077 | D:8      | Reached ** piety under Makhleb
 13504 | D:9      | Noticed a two-headed ogre
 13535 | D:9      | Slain by a two-headed ogre

Illustrated notes

Levels and vault maps discovered:
D:1:      dpeg_arrival_caged_fury, layout_loops_ring,
          shapermc_ecumenical_altar_pompeii
D:2:      wander_river, layout_basic
D:3:      layout_basic, grunt_ministairs_1, uniq_terence
D:4:      layout_cave_pods, kennysheep_donut
D:5:      layout_basic
D:6:      layout_cave_pools, minmay_temple_entry_wispy,
          cheibrodos_sewer_entry_bend, lightli_ossuary_entry_decrepit_ruins,
          kennysheep_small_spiral
D:7:      layout_basic, serial_undead, serial_undead_c, serial_undead_f,
          serial_undead_d, serial_undead_c, serial_undead_f, serial_undead_a
D:8:      layout_gridville, uniq_pikel, uniq_psyche
D:9:      layout_loops_ring
Temple:   mainiacjoe_temple_trianglar_array

Skill      XL: |  1  2  3  4  5  6  7  8  9 10 |
---------------+-------------------------------+-----
Fighting       | 1 2 3 4 5 6 7 8 |  8.8
Spellcasting   | 2 |  2.4
Dodging        | 2 |  2.0
Necromancy     | 5 6 7 8 |  8.7
Short Blades   | 1 2 3 4 |  4.2
Invocations    | 1 3 |  3.1
Long Blades    | 6 8 |  8.3
Stealth        | |  2.1

Action                   |  1- 3 |  4- 6 |  7- 9 | 10-12 || total
-------------------------+-------+-------+-------+-------++-------
Melee: Unarmed           |    16 |       |       |       ||    16
       Dagger            |    59 |    27 |       |       ||    86
       Mace              |     2 |       |       |       ||     2
       Short sword       |       |   167 |   418 |       ||   585
       Punch             |       |     5 |     8 |     2 ||    15
       Falchion          |       |       |   146 |    47 ||   193
       Scimitar          |       |       |       |   137 ||   137
 Cast: Pain              |    50 |    22 |     5 |     1 ||    78
       Vampiric Draining |       |     8 |    59 |    25 ||    92
  Use: Scroll            |       |     5 |    11 |     1 ||    17
       Potion            |       |       |     4 |       ||     4
 Stab: Sleeping          |     4 |       |       |       ||     4
Armor: Robe              |    37 |       |       |       ||    37
       Ring mail         |       |   134 |   314 |    92 ||   540
Dodge: Dodged            |    72 |    90 |   276 |   112 ||   550
